 Dungeon Crawl Stone Soup version 0.17-a0-484-g0e03f6a (webtiles) character file.

475 Leibowitz the Poker (level 6, -1/51 HPs)
             Began as a Demigod Gladiator on Apr 11, 2015.
             Succumbed to a scorpion's poison
             ... on level 4 of the Dungeon.
             The game lasted 00:12:27 (4028 turns).

Leibowitz the Poker (Demigod Gladiator)             Turns: 4028, Time: 00:12:27

Health: -1/51      AC:  6    Str: 20    XL:     6   Next: 54%
Magic:  8/8        EV: 13    Int: 15    God:
Gold:   180        SH:  0    Dex: 18    Spells: 0 memorised, 5 levels left

rFire  . . .     SeeInvis .     b - +0 flail (venom)
rCold  . . .     Clarity  .     n - +0 ring mail (curse)
rNeg   . . .     SustAb   +     (no shield)
rPois  .         Gourm    .     c - +0 helmet
rElec  .         Spirit   .     (no cloak)
rCorr  .         Warding  .     (no gloves)
rMut   .         Stasis   .     (no boots)
MR     .....                    (no amulet)
Stlth  ++........               (no ring)
                                w - +3 ring of intelligence

@: lethally poisoned (-1 -> -15), about to teleport, not resistant to hostile
enchantments, unstealthy
A: high mp 1, sustain abilities
a: no special abilities


You were on level 4 of the Dungeon.
You were not hungry.

You visited 1 branch of the dungeon, and saw 4 of its levels.

You collected 180 gold pieces.

Inventory:

Hand weapons
 a - a +0 trident
 b - a +0 flail of venom (weapon)
Missiles
 d - 3 throwing nets (quivered)
 j - 44 poisoned needles
Armour
 c - a +0 helmet (worn)
 n - a cursed +0 ring mail (worn)
Jewellery
 w - a +3 ring of intelligence (left hand)
Magical devices
 u - a wand of magic darts (6)
Scrolls
 e - 3 scrolls of teleportation
 h - a scroll of identify
 k - 2 scrolls of noise
 o - 2 scrolls of blinking {unknown}
 p - a scroll of random uselessness {unknown}
 q - 2 scrolls of remove curse {unknown}
 r - a scroll of magic mapping {unknown}
 v - a scroll of immolation {unknown}
Potions
 s - a potion of flight
Comestibles
 f - 3 bread rations
 g - 5 meat rations
 i - a royal jelly
 l - 2 slices of pizza
 m - a beef jerky
 t - 5 chunks of flesh


   Skills:
 + Level 3.1 Fighting
 + Level 4.2 Polearms
 + Level 2.0 Throwing
 + Level 2.6 Armour
 + Level 4.2 Dodging
 + Level 1.9 Stealth


You had 5 spell levels left.
You didn't know any spells.

Dungeon Overview and Level Annotations

Branches:
Dungeon (4/15)
 Temple: D:4-7


Innate Abilities, Weirdness & Mutations

You have an increased reservoir of magic (+10% MP).
Your attributes are resistant to harm.


Message History

You hit the scorpion.
You kill the scorpion!
Your Fighting skill increases to level 3!
* * * LOW HITPOINT WARNING * * *
You feel very sick.
* * * LOW HITPOINT WARNING * * *
You feel sick.
Read which item? (? for menu, Esc to quit)
As you read the scroll labeled LOEDDO TOYTH, it crumbles to dust.
You feel strangely unstable.
It was a scroll of teleportation.
* * * LOW HITPOINT WARNING * * *
You feel sick.
Read which item? (? for menu, Esc to quit)
As you read the scroll labeled ZUVVAP OTIWNON, it crumbles to dust.
It is a scroll of identify.
Identify which item? (\ to view known items) (? for menu, Esc to quit)
k - 2 scrolls of noise
* * * LOW HITPOINT WARNING * * *
You feel sick.
You die...

###### #.)..#
##)##.###########
#...#.....>...... #
#...#.########.#.
###.###._.#.# #...
#.....'#####.########...
#.................
#@###'########.... #.#
.# #.... #'# .# #..#.
#..g>.go........ ......
#.###.....#.... .##.###
#.....#.... #.#
......#... #.###
...#.#.#. #.#..
....#.#.# #.#.#


You could see an orc wizard and a goblin.

Vanquished Creatures
  A phantom (D:4)
  A scorpion (D:4)
  Ijyb (D:2)
  A worker ant (D:4)
  11 gnolls
  9 adders
  3 worms
  3 giant geckos (D:3)
  12 orcs
  4 bats
  8 hobgoblins
  2 jackals (D:1)
  7 kobolds
  2 ball pythons
  4 giant cockroaches
  5 giant newts
  7 goblins
  9 rats
90 creatures vanquished.

Notes
Turn   | Place    | Note
--------------------------------------------------------------
     0 | D:1      | Leibowitz, the Demigod Gladiator, began the quest for the Orb.
     0 | D:1      | Reached XP level 1. HP: 17/17 MP: 3/3
   287 | D:1      | Reached XP level 2. HP: 22/24 MP: 4/4
   754 | D:2      | Reached skill level 3 in Polearms
   935 | D:2      | Reached XP level 3. HP: 27/29 MP: 5/5
   947 | D:2      | Reached skill level 1 in Armour
  1066 | D:2      | Reached skill level 1 in Stealth
  1066 | D:2      | Reached XP level 4. HP: 9/36 MP: 6/6
  1415 | D:2      | Noticed Ijyb
  1439 | D:2      | Killed Ijyb
  1846 | D:2      | Reached XP level 5. HP: 28/42 MP: 7/7
  2109 | D:2      | Found a deep blue altar of Sif Muna.
  2398 | D:3      | Found a shadowy altar of Dithmenos.
  2820 | D:3      | Found an opulent altar of Gozag.
  2882 | D:3      | Reached skill level 4 in Polearms
  3219 | D:3      | Found a bloodstained altar of Trog.
  3487 | D:4      | Reached XP level 6. HP: 45/50 MP: 8/8
  3532 | D:4      | Found a radiant altar of Vehumet.
  3726 | D:4      | Found a white marble altar of Elyvilon.
  3806 | D:4      | Found a shadowy altar of Dithmenos.
  3806 | D:4      | Noticed a phantom
  3830 | D:4      | Killed a phantom
  4026 | D:4      | HP: 2/51 [poisoned by a scorpion]
  4028 | D:4      | Succumbed to a scorpion's poison

Action                   |  1- 3 |  4- 6 || total
-------------------------+-------+-------++-------
Melee: Trident           |   110 |   250 ||   360
       Flail             |       |     8 ||     8
Throw: Throwing net      |     1 |       ||     1
  Use: Potion            |       |     3 ||     3
       Scroll            |       |     2 ||     2
 Stab: Sleeping          |     2 |     5 ||     7
       Held in net/web   |     1 |       ||     1
  Eat: Chunk             |     1 |     9 ||    10
